 Dungeon Crawl Stone Soup version 0.23.2-33-g5129a83184 (webtiles) character file.

Game seed: 13087060265742592059

49 DildoBatman the Magician (level 4, -2/30 HPs)
             Began as a Formicid Wizard on July 3, 2019.
             Slain by a gnoll
             ... wielding a cursed -3 spear
              (5 damage)
             ... on level 2 of the Dungeon.
             The game lasted 00:04:59 (1317 turns).

DildoBatman the Magician (Formicid Wizard)          Turns: 1317, Time: 00:05:00

Health: -2/30      AC:  2    Str: 12    XL:     4   Next: 2%
Magic:  4/8        EV: 12    Int: 18    God:
Gold:   71         SH:  0    Dex:  9    Spells: 2/9 levels left

rFire    . . .     SeeInvis +   a - +2 short sword (freeze)
rCold    . . .     Gourm    .   (no shield)
rNeg     . . .     Faith    .   h - +0 robe
rPois    .         Spirit   .   (helmet unavailable)
rElec    .         Reflect  .   (no cloak)
rCorr    .         Harm     .   (no gloves)
MR       .....                  (no boots)
Stlth    ++........             (no amulet)
HPRegen  0.10/turn              (no ring)
MPRegen  0.11/turn              (no ring)

@: no status effects
A: permanent stasis, dig shafts and tunnels, four strong arms, antennae 3
a: Dig, Shaft Self


You were on level 2 of the Dungeon.
You were not hungry.

You visited 1 branch of the dungeon, and saw 2 of its levels.

You collected 71 gold pieces.

Inventory:

Hand Weapons
 a - a +2 short sword of freezing (weapon)
Missiles
 b - 93 arrows
 c - 19 poisoned needles
 d - 125 stones (quivered)
Armour
 h - a +0 robe (worn)
Scrolls
 g - a scroll of identify {unknown}
 i - 2 scrolls of magic mapping {unknown}
Potions
 e - a potion of might {unknown}
 j - a potion of magic {unknown}
 k - a potion of curing {unknown}
Comestibles
 f - 4 chunks of flesh
 v - 3 rations


   Skills:
 - Level 1.7 Dodging
 - Level 2.4 Stealth
 - Level 3.2 Spellcasting
 * Level 3.2 Conjurations
   Level 1.0 Summonings
   Level 0.8 Translocations


You had 2 spell levels left.
You knew the following spells:

 Your Spells              Type           Power        Failure   Level  Hunger
a - Conjure Flame         Conj/Fire      #.......     24%         3    ###....
c - Magic Dart            Conj           ##..         4%          1    None
e - Mephitic Cloud        Conj/Pois/Air  #.......     30%         3    ###....

Your spell library contained the following spells:

 Spells                   Type           Power        Failure   Level  Hunger
 Call Imp                 Summ           #.......     16%         2    ##.....
 Slow                     Hex            #.......     24%         2    ##.....
 Blink                    Tloc           Unusable     N/A         2    N/A

Dungeon Overview and Level Annotations

Branches:
Dungeon (2/15)

Altars:
Gozag
Nemelex Xobeh

Annotations:
D:1 Natasha


Innate Abilities, Weirdness & Mutations

You cannot be hasted, slowed, berserked, paralysed or teleported.
You can dig through walls and to a lower floor.
Your four strong arms can wield two-handed weapons with a shield.
You have a pair of large antennae on your head. (SInv)


Message History

The gnoll hits you but does no damage.
The gnoll hits you from afar with a +0 halberd!
What are your orders? t - Shout!
Orders for allies: a - Attack new target. r - Retreat! s - Stop attacking. g - Guard the area. f - Follow me.
Anything else - Cancel.
You shout for attention!
The gnoll barely misses you. The gnoll misses you.
What are your orders? t - Shout!
Orders for allies: a - Attack new target. r - Retreat! s - Stop attacking. g - Guard the area. f - Follow me.
Anything else - Cancel.
You shout for attention!
The gnoll hits you from afar with a cursed -3 spear.
You die...

.####....####
#.#......... ## ......#
##..........# #.....#
##..#.#.....## #.....#
####..##.#######
.#######....#
#....##....#
g^..........#
###.#####....#
#####.>.....# #...#
#....# ##......###.###
#....#
#.#.....)g.@######....#
#.#......g.......#....#
..#####.####...###....#
..## ### .### #....#
#.. ## ###### P.. .[..
.)...


You could see 2 gnolls.

Vanquished Creatures
  A gnoll (D:1)
  An ooze (D:1)
  A dart slug (D:1)
  An orc (D:2)
  2 ball pythons
  5 bats
  2 giant cockroaches (D:1)
  4 goblins
  4 hobgoblins
  3 frilled lizards
  6 kobolds
  4 rats
34 creatures vanquished.

Notes
Turn   | Place    | Note
-------+----------+-------------------------------------------
     0 | D:1      | DildoBatman the Formicid Wizard began the quest for the
                  | Orb.
     0 | D:1      | Reached XP level 1. HP: 13/13 MP: 4/4
    96 | D:1      | Reached skill level 1 in Conjurations
   230 | D:1      | Reached XP level 2. HP: 19/19 MP: 0/6
   690 | D:1      | Reached XP level 3. HP: 21/24 MP: 4/7
   860 | D:2      | Noticed Natasha
   873 | D:1      | Learned a level 3 spell: Conjure Flame
   877 | D:1      | Learned a level 3 spell: Mephitic Cloud
  1109 | D:2      | Found an opulent altar of Gozag.
  1110 | D:2      | Found a sparkling altar of Nemelex Xobeh.
  1289 | D:1      | Reached XP level 4. HP: 13/30 MP: 1/8
  1317 | D:2      | Slain by a gnoll

Skill      XL: |  1  2  3 |
---------------+----------+-----
Conjurations   | 1 2 3 |  3.2
Dodging        | |  1.7
Stealth        | |  2.4
Spellcasting   | |  3.2
Summonings     | |  1.0
Translocations | |  0.8

Action                   |  1- 3 |  4- 6 || total
-------------------------+-------+-------++-------
Melee: Mace              |     3 |       ||     3
       Short sword       |    28 |       ||    28
 Cast: Magic Dart        |    57 |     1 ||    58
       Conjure Flame     |     1 |       ||     1
       Mephitic Cloud    |     1 |       ||     1
 Abil: Dig               |     4 |       ||     4
 Stab: Sleeping          |     1 |       ||     1
  Eat: Chunk             |     1 |     1 ||     2
Armor: Robe              |     6 |     1 ||     7
Dodge: Dodged            |    26 |     4 ||    30
